 Dungeon Crawl Stone Soup version 0.28-a0-1624-g820543e53a (webtiles) character file.

Game seed: 16443508792819315095

338 freelancePsychic the Stinger (level 6, -2/66 HPs)
             Began as a Demonspawn Venom Mage on Jan 23, 2022.
             Slain by a water moccasin skeleton (6 damage)
             ... on level 4 of the Dungeon.
             The game lasted 00:13:03 (6198 turns).

freelancePsychic the Stinger (DsVM)                 Turns: 6198, Time: 00:13:04

Health: -2/66      AC: 23    Str:  8    XL:     6   Next: 29%
Magic:  11/11      EV:  2    Int: 19    God:
Gold:   87         SH:  0    Dex: 13    Spells: 5/11 levels left

rFire   . . .      SeeInvis .   a - staff of conjuration
rCold   . . .      Faith    .   (no shield)
rNeg    . . .      Spirit   .   (armour currently unavailable)
rPois   +          Reflect  .   (helmet currently unavailable)
rElec   .          Harm     .   (cloak currently unavailable)
rCorr   .          Rampage  .   (gloves currently unavailable)
Will    .....      NoTele   +   (boots currently unavailable)
Stlth   ++........              (no amulet)
HPRegen 0.21/turn               (no ring)
MPRegen 0.12/turn               (no ring)

@: mighty, tree-form
A: stationary, stasis, torment immunity, boosted hp, (hooves 1), foul stench 1
a: no special abilities


You were on level 4 of the Dungeon.
You were a tree.
You visited 1 branch of the dungeon, and saw 4 of its levels.

You collected 87 gold pieces.

Inventory:

Hand Weapons
 b - a +0 hunting sling
Missiles
 g - 2 throwing nets
Armour
 f - a +0 robe (melded)
 k - a +0 buckler
Magical Staves
 a - a staff of conjuration (weapon)
Scrolls
 h - a scroll of teleportation {@r4}
 j - a scroll of silence
 m - a scroll of fog
 p - a scroll of identify {@r1}
Potions
 c - a potion of lignification
 i - a potion of curing {unknown}
 l - a potion of resistance {unknown}
 n - 2 potions of brilliance {unknown}
 o - a potion of attraction {unknown}


   Skills:
 - Level 2.1 Fighting
 - Level 1.7 Dodging
 - Level 1.7 Stealth
 + Level 3.3 Spellcasting
 - Level 1.7 Transmutations
 - Level 1.4 Air Magic
 * Level 5.3 Poison Magic


You had 5 spell levels left.
You knew the following spells:

 Your Spells              Type           Power      Damage    Failure   Level
a - Sting                 Tmut/Pois      64%        1d6       3%          1
b - Poisonous Vapours     Pois/Air       30%        N/A       5%          2
c - Ignite Poison         Fire/Tmut/Pois 12%        N/A       17%         3

Your spell library contained the following spells:

 Spells                   Type           Power      Damage    Failure   Level
 Slow                     Hex            12%        N/A       14%         1
 Olgreb's Toxic Radiance  Pois           23%        N/A       17%         4
 Mephitic Cloud           Conj/Pois/Air  17%        N/A       19%         3
 Confusing Touch          Hex            3%         N/A       41%         3
 Vampiric Draining        Necr           3%         2d6       41%         3
 Freezing Cloud           Conj/Ice/Air   3%         6-21      98%         5


Dungeon Overview and Level Annotations

Branches:
Dungeon (4/15)
 Temple: D:4-7

Altars:
Dithmenos

Shops:
D:1 =   D:4 (


Innate Abilities, Weirdness & Mutations

You are a tree.
Your roots penetrate the ground, keeping you stationary.
You cannot be teleported.
You are immune to unholy pain and torment.
Your maximum health is greatly increased.
Your equipment is partially melded.
((You have large cloven feet.))
You may rarely emit foul miasma when damaged in melee.


Message History

You are too injured to fight recklessly!
You hit the hound zombie. Your kick misses the hound zombie.
The hound zombie is severely damaged.
The hound zombie barely misses you. The hound zombie closely misses you.
You hit the hound zombie but do no damage.
You kick the hound zombie.
The hound zombie is almost destroyed.
The hound zombie bites you but does no damage.
You hit the hound zombie. Your kick misses the hound zombie.
The hound zombie is almost destroyed.
The hound zombie bites you. x2
You barely miss the hound zombie. You kick the hound zombie.
You destroy the hound zombie!
You barely miss the water moccasin skeleton.
The water moccasin skeleton bites you. The water moccasin skeleton bites you!
* * * LOW HITPOINT WARNING * * *
The water moccasin skeleton bites you!
* * * LOW HITPOINT WARNING * * *
You emit a cloud of foul miasma!
It was a potion of lignification.
You turn into a tree.
Your +0 robe melds into your body.
Your roots penetrate the ground.
The water moccasin skeleton bites you but does no damage.
You hit the water moccasin skeleton.
The water moccasin skeleton is lightly damaged.
The water moccasin skeleton bites you.
* * * LOW HITPOINT WARNING * * *
You hit the water moccasin skeleton.
The water moccasin skeleton is lightly damaged.
The water moccasin skeleton bites you but does no damage. x2
You hit the water moccasin skeleton but do no damage.
The water moccasin skeleton is lightly damaged.
The water moccasin skeleton bites you but does no damage.
You hit the water moccasin skeleton.
The water moccasin skeleton is lightly damaged.
The water moccasin skeleton bites you but does no damage.
The water moccasin skeleton barely misses you.
You feel very mighty all of a sudden. The water moccasin skeleton bites you.
You die...

###### ####### #....## ......#
#.88..# #####+## #...8.#
.......###.P...## (
..........<.88..## ##...
.................#######......
................♣Z............
.................######.......
.................# .......
.......#..8......# ....###
.................# ....#
#.####.#.........# ....(. #.#
...#.#.......# ..(.###
..#.####.#......... .((.#
.........#.........


You could see a water moccasin skeleton.

Vanquished Creatures
  A bullfrog zombie (D:4)
  A centaur zombie (D:4)
  A centaur skeleton (D:4)
  2 orc wizards (D:3)
  A scorpion zombie (D:4)
  A hound zombie (D:4)
  A hound skeleton (D:4)
  2 howler monkey zombies (D:4)
  5 adders
  An adder skeleton (D:4)
  2 adder zombies (D:4)
  4 dart slugs
  8 orcs (D:3)
  2 bats
  4 endoplasms
  9 goblins
  4 hobgoblins
  2 kobolds
  2 quokkas
  4 ball pythons
  3 frilled lizards
  A jackal zombie (D:4)
  A quokka skeleton (D:4)
  5 rats
67 creatures vanquished.

Vanquished Creatures (others)
  A withered plant (D:4)
1 creature vanquished.

Grand Total: 68 creatures vanquished

Notes
Turn   | Place    | Note
-------+----------+-------------------------------------------
     0 | D:1      | freelancePsychic the Demonspawn Venom Mage began the quest
                  | for the Orb.
     0 | D:1      | Reached XP level 1. HP: 13/13 MP: 3/3
   470 | D:1      | Gained mutation: You have large cloven feet. [demonic
                  | ancestry]
   470 | D:1      | Reached XP level 2. HP: 11/20 MP: 0/5
   698 | D:1      | Reached skill level 1 in Fighting
   875 | D:1      | Found Rofoghes's Jewellery Shoppe.
   948 | D:1      | Learned a level 2 spell: Poisonous Vapours
  1568 | D:2      | Reached XP level 3. HP: 26/26 MP: 0/6
  2585 | D:3      | Reached skill level 1 in Air Magic
  2585 | D:3      | Gained mutation: You may rarely emit foul miasma when
                  | damaged in melee. [demonic ancestry]
  2585 | D:3      | Reached XP level 4. HP: 28/33 MP: 0/8
  2724 | D:3      | Found a shadowy altar of Dithmenos.
  2771 | D:3      | Found a faded altar of an unknown god.
  4011 | D:4      | Found Raimaj's Weapon Boutique.
  4023 | D:4      | Reached skill level 4 in Poison Magic
  4047 | D:4      | Reached skill level 1 in Transmutations
  4047 | D:4      | Reached XP level 5. HP: 22/38 MP: 1/9
  5572 | D:4      | Learned a level 3 spell: Ignite Poison
  5825 | D:4      | Reached skill level 5 in Poison Magic
  5825 | D:4      | Reached XP level 6. HP: 30/44 MP: 10/10
  6194 | D:4      | HP: 3/66 [water moccasin skeleton (3)]
  6198 | D:4      | Slain by a water moccasin skeleton

Illustrated notes

Levels and vault maps discovered:
D:1:      co_arrival_square_in_a_square_in_a_square, layout_rooms, serial_shops,
          nicolae_shop_stone
D:2:      layout_rooms, minmay_misc_feat_x, grunt_decor_fettered
D:3:      layout_basic, mainiacjoe_overflow_six_doors_small, serial_glass,
          glass_columns_a, glass_columns_b, hellmonk_ecumenical_altar_lost_god
D:4:      layout_basic, tgw_fedhas, serial_undead, serial_undead_c,
          serial_undead_b, serial_undead_c, serial_undead_a, serial_undead_f,
          serial_undead_d, ebering_ghost_rock_garden, glass_columns_a,
          nicolae_inconvenience_store, uniq_eustachio, uniq_natasha

Skill      XL: |  1  2  3  4  5 |
---------------+----------------+-----
Fighting       | 1 2 |  2.1
Air Magic      | 1 |  1.4
Spellcasting   | 3 |  3.3
Poison Magic   | 4 5 |  5.3
Transmutations | 1 |  1.7
Dodging        | |  1.7
Stealth        | |  1.7

Action                   |  1- 3 |  4- 6 || total
-------------------------+-------+-------++-------
Melee: Unarmed           |    31 |       ||    31
       Staff             |    20 |   108 ||   128
       Kick              |     4 |    39 ||    43
       Punch             |       |     2 ||     2
       Hunting sling     |       |     1 ||     1
 Fire: Hunting sling     |       |    36 ||    36
 Cast: Sting             |    31 |    12 ||    43
       Poisonous Vapours |    37 |    34 ||    71
  Use: Scroll            |     1 |     5 ||     6
       Potion            |       |     3 ||     3
Armor: Robe              |    28 |    35 ||    63
       Skin              |       |     5 ||     5
Dodge: Dodged            |    63 |   130 ||   193

Table legend: (Time is in decaauts)
 A = Elapsed time spent in this place.
 B = Non-inter-level travel time spent in this place.
 C = Inter-level travel time spent in this place.
 D = Time resting spent in this place.
 E = Time spent auto-exploring this place.
 F = Levels seen in this place.
 G = Mean time per level.
                   A        B        C        D        E       F      G
               +--------+--------+--------+--------+--------+-----+--------+
         Total |   6235 |   6011 |    224 |   1361 |   3517 |   4 | 1558.8 |
       Dungeon |   6235 |   6011 |    224 |   1361 |   3517 |   4 | 1558.8 |
               +--------+--------+--------+--------+--------+-----+--------+

Top non-repeatable levels by time:
     D:3: 2039 daAuts
     D:4: 1435 daAuts
     D:1: 1381 daAuts
     D:2: 1379 daAuts
